 Dungeon Crawl Stone Soup version 0.18-a0-1229-ge9a1a01 (webtiles) character file.

12316 Grap the Peltast (level 11, -6/100 HPs)
             Began as a Minotaur Fighter on Feb 3, 2016.
             Was a High Priest of Makhleb.
             Killed from afar by a wizard (19 damage)
             ... with a bolt of cold
             ... on level 11 of the Dungeon.
             The game lasted 00:27:07 (9873 turns).

Grap the Peltast (Minotaur Fighter)                 Turns: 9873, Time: 00:27:07

Health: -6/100     AC:  5    Str: 21    XL:     11   Next: 60%
Magic:  10/10      EV: 15    Int:  5    God:    Makhleb [*****.]
Gold:   488        SH: 14    Dex: 18    Spells: 0 memorised, 10 levels left

rFire  . . .     SeeInvis .     L - +5 whip
rCold  . . .     Gourm    .     G - +0 troll leather armour {Purgy}
rNeg   . . .     Faith    .     c - +0 shield
rPois  .         Spirit   .     (helmet restricted)
rElec  .         Dismiss  .     x - +0 cloak
rCorr  +         Reflect  .     (no gloves)
SustAt .         Harm     .     (no boots)
MR     .....                    (no amulet)
Stlth  +.........               n - ring of resist corrosion
                                p - +5 ring of dexterity

@: not resistant to hostile enchantments, very unstealthy
A: retaliatory headbutt, horns 2
a: Minor Destruction, Lesser Servant of Makhleb, Major Destruction, Greater
Servant of Makhleb, Renounce Religion


You were on level 11 of the Dungeon.
You worshipped Makhleb.
Makhleb was extremely pleased with you.
You were very hungry.

You visited 2 branches of the dungeon, and saw 12 of its levels.
You also visited: Sewer and Ice Cave.

You collected 623 gold pieces.
You spent 135 gold pieces at shops.

Inventory:

Hand Weapons
 a - a +0 blowgun
 L - a +5 whip (weapon)
 M - the +2 dagger of Dismemberment {venom, rN+}
   (You found it on level 5 of the Dungeon)

   It poisons the flesh of those it strikes.
   It protects you from negative energy.
Missiles
 q - 6 curare-tipped needles
 s - 9 tomahawks (quivered)
 I - 181 stones
Armour
 c - a +0 shield (worn)
 x - a +0 cloak (worn)
 G - a +0 troll leather armour (worn) {Purgy}
 P - the +1 robe of the Ant {Str+3 Dex+4}
   (You found it on level 5 of the Dungeon)

   It affects your strength (+3).
   It affects your dexterity (+4).
Jewellery
 d - an uncursed ring of fire
 n - a ring of resist corrosion (right hand)
 p - a +5 ring of dexterity (left hand)
 K - a +5 ring of intelligence
Wands
 g - a wand of polymorph (8/24)
 C - a wand of paralysis (12/24)
 N - a wand of flame (48/48)
Scrolls
 e - 4 scrolls of teleportation
 j - a scroll of fog
 o - 2 scrolls of recharging
 r - 3 scrolls of enchant weapon
 v - 6 scrolls of remove curse
 y - 3 scrolls of amnesia
 F - a scroll of fear {unknown}
 Q - 2 scrolls of identify
Potions
 i - 3 potions of lignification
 l - 4 potions of curing
 m - 4 potions of brilliance
 t - 2 potions of agility
 w - a potion of flight
 z - a potion of beneficial mutation {unknown}
 A - 2 potions of berserk rage {unknown}
 E - 2 potions of magic
 H - 2 potions of invisibility
 J - 3 potions of poison {unknown}
Books
 u - a book of Ice

   Spells                             Type                      Level
   a - Ice Form                       Ice/Transmutation            4
   b - Metabolic Englaciation         Hexes/Ice                    5
   c - Ozocubu's Refrigeration        Ice                          6
   d - Bolt of Cold                   Conjuration/Ice              6
   e - Freezing Cloud                 Conjuration/Ice/Air          6
   f - Simulacrum                     Ice/Necromancy               6
 B - a book of Hinderance

   Spells                             Type                      Level
   a - Confusing Touch                Hexes                        2
   b - Confuse                        Hexes                        3
   c - Gell's Gravitas                Hexes/Translocation          3
   d - Petrify                        Transmutation/Earth          4
   e - Metabolic Englaciation         Hexes/Ice                    5
   f - Yara's Violent Unravelling     Hexes/Transmutation          5
 D - an Akashic Record

   Spells                             Type                      Level
   a - Dispersal                      Translocation                6
   b - Malign Gateway                 Summoning/Translocation      7
   c - Disjunction                    Translocation                8
   d - Controlled Blink               Translocation                8
 O - a book of Beasts

   Spells                             Type                      Level
   a - Summon Butterflies             Summoning                    1
   b - Call Canine Familiar           Summoning                    3
   c - Summon Ice Beast               Ice/Summoning                4
   d - Summon Mana Viper              Hexes/Summoning              5
   e - Summon Hydra                   Summoning                    7
Comestibles
 b - 2 fruits
 f - 9 bread rations
 h - 2 beef jerkies
 k - 2 meat rations


   Skills:
 - Level 10.2 Fighting
 + Level 11.8 Maces & Flails
 - Level 3.6 Armour
 - Level 5.0 Dodging
 - Level 15.0 Shields


You had 10 spell levels left.
You didn't know any spells.

Dungeon Overview and Level Annotations

Branches:
Dungeon (11/15)            Temple (1/1) D:6            Lair (0/8) D:10
    Orc: D:9-12

Altars:
Ashenzari
Cheibriados
Dithmenos
Elyvilon
Fedhas
Gozag
Kikubaaqudgha
Makhleb
Nemelex Xobeh
Okawaru
Pakellas
Qazlal
Ru
Sif Muna
Trog
Vehumet
Xom
Yredelemnul
Zin
The Shining One

Shops:
D:5 *   D:8 !

Annotations:
D:10 daryashkoh's ghost, journeyman NaCK


Innate Abilities, Weirdness & Mutations

You reflexively headbutt those who attack you in melee.
You have a pair of horns on your head.


Message History

The wizard blinks!
You completely miss the adder. You block the adder's attack.
You whack the adder!
The adder is almost dead.
The adder barely misses you. You furiously retaliate!
You headbutt the adder!
You kill the adder!
Makhleb accepts your kill.
You can now summon a greater servant of Makhleb.
The wizard casts a spell at you. The bolt of cold hits you!
* * * LOW HITPOINT WARNING * * *
You block the wizard's attack.
You see here an adder corpse.
You hit the wizard.
The wizard is lightly wounded.
You hit the wizard. Your headbutt misses the wizard.
The wizard is lightly wounded.
The wizard points at you and mumbles some strange words.
The bolt of cold hits you!
You die...

############
#..........#
#...#......#
#..##.....###
#.##.....##.##
#.#(....##...##
#.#....##.....##..
#@#....#.......#..
#p##.......#...#..
#p.##..§..##)..#..
#...##§§§##....#..
#....##§##....###.
#..p..###....##.##
#....."#....##...#
#.....}#...##.§...
#.....)#§..#§.....


You could see 3 wizards.

Vanquished Creatures
  Erica (D:9)
  3 wizards (D:11)
  A hill giant (D:10)
  The ghost of valsik64 the Basher, a novice MiFi (D:4)
  3 cyclopes
  A kobold demonologist (D:11)
  A two-headed ogre (D:10)
  Prince Ribbit (D:7)
  A spriggan (D:11)
  2 wyverns (D:8)
  A wraith (D:11)
  A hungry ghost (D:8)
  Grum (D:7)
  2 hippogriffs
  2 wolves (D:7)
  Purgy (Sewer)
  9 orc warriors
  3 ice beasts
  3 sky beasts
  A wasp (D:11)
  A black bear (D:8)
  A phantom (D:8)
  5 necrophages
  5 ogres
  3 boggarts (D:11)
  5 centaurs
  A big kobold (D:9)
  6 giant frogs
  A wyvern skeleton (D:10)
  A scorpion (D:6)
  6 wights (D:8)
  2 crimson imps
  A quasit (D:10)
  2 centaur zombies
  A centaur skeleton (D:11)
  6 jellies
  Crazy Yiuf (D:6)
  5 orc priests
  3 giant frog skeletons
  4 hounds
  2 iguanas
  6 orc wizards
  10 worker ants
  A killer bee zombie (D:7)
  5 sheep
  A hound zombie (D:8)
  3 mummies (D:8)
  3 worker ant zombies
  6 gnolls
  6 adders
  3 shadow imps
  16 white imps
  2 ufetubi (IceCv)
  An ooze (D:5)
  An adder zombie (D:8)
  2 worms
  9 giant geckos
  49 orcs
  5 bats
  7 giant cockroaches
  9 goblins
  9 hobgoblins
  12 jackals
  3 quokkas
  2 ball pythons
  A giant gecko skeleton (D:5)
  A giant gecko zombie (D:8)
  4 giant newts
  A jackal zombie (D:9)
  15 kobolds
  A quokka skeleton (D:3)
  8 rats
303 creatures vanquished.

Vanquished Creatures (others)
  A white imp (IceCv)
  5 ufetubi (IceCv)
6 creatures vanquished.

Grand Total: 309 creatures vanquished

Notes
Turn   | Place    | Note
--------------------------------------------------------------
     0 | D:1      | Grap the Minotaur Fighter began the quest for the Orb.
     0 | D:1      | Reached XP level 1. HP: 19/19 MP: 0/0
   143 | D:1      | Reached skill level 4 in Fighting
   153 | D:1      | Reached XP level 2. HP: 20/27 MP: 1/1
   590 | D:1      | Reached skill level 5 in Fighting
   822 | D:2      | Reached XP level 3. HP: 36/36 MP: 2/2
   888 | D:2      | Found a shadowy altar of Dithmenos.
  1195 | D:2      | Found an opulent altar of Gozag.
  1290 | D:2      | Reached XP level 4. HP: 36/44 MP: 3/3
  1654 | D:3      | Found a stormy altar of Qazlal.
  1794 | D:3      | Reached skill level 6 in Fighting
  1872 | D:3      | Reached XP level 5. HP: 48/50 MP: 4/4
  2324 | D:4      | Noticed valsik64's ghost (novice MiFi)
  2344 | D:4      | Killed valsik64's ghost
  2344 | D:4      | Reached skill level 7 in Fighting
  2344 | D:4      | Reached XP level 6. HP: 16/60 MP: 5/5
  2344 | D:4      | Reached XP level 7. HP: 17/66 MP: 6/6
  2680 | D:4      | Found a glowing drain.
  2708 | Sewer    | Entered a sewer
  2884 | Sewer    | Noticed Purgy
  2893 | Sewer    | Killed Purgy
  2893 | Sewer    | Reached skill level 8 in Maces & Flails
  3033 | D:4      | Found a radiant altar of Vehumet.
  3180 | D:4      | Found an ancient bone altar of Kikubaaqudgha.
  3382 | D:5      | Entered Level 5 of the Dungeon
  3392 | D:5      | Found Enilox's Assorted Antiques.
  3404 | D:5      | Bought a scroll labeled LIADEHAESE for 27 gold pieces
  3404 | D:5      | Bought a scroll labeled LIADEHAESE for 27 gold pieces
  3404 | D:5      | Bought a scroll labeled JESIEFIYLYEC for 27 gold pieces
  3404 | D:5      | Bought 2 scrolls labeled RORHIA LO TOBBA for 54 gold pieces
  3715 | D:5      | Reached XP level 8. HP: 69/74 MP: 7/7
  3744 | D:5      | Got a bloodstained dagger
  3745 | D:5      | Identified the cursed +2 dagger of Dismemberment {venom, rN+} (You found it on level 5 of the Dungeon)
  3769 | D:5      | Got a slimy robe
  3780 | D:5      | Identified the +1 robe of the Ant {Str+3 Dex+4} (You found it on level 5 of the Dungeon)
  3946 | D:5      | Reached skill level 9 in Maces & Flails
  4302 | D:6      | Found a staircase to the Ecumenical Temple.
  4308 | Temple   | Entered the Ecumenical Temple
  4373 | Temple   | Became a worshipper of Makhleb the Destroyer
  4535 | D:6      | Reached skill level 1 in Dodging
  4892 | D:6      | Found a shattered altar of Ashenzari.
  4972 | D:6      | Noticed Crazy Yiuf
  4976 | D:6      | Killed Crazy Yiuf
  5215 | D:6      | Found a sparkling altar of Nemelex Xobeh.
  5474 | D:7      | Noticed Prince Ribbit
  5480 | D:7      | Killed Prince Ribbit
  5480 | D:7      | Reached skill level 10 in Fighting
  5480 | D:7      | Reached skill level 5 in Dodging
  5480 | D:7      | Reached XP level 9. HP: 76/85 MP: 8/8
  5707 | D:7      | Found a sparkling altar of Nemelex Xobeh.
  5732 | D:7      | Reached skill level 5 in Shields
  5910 | D:7      | Reached * piety under Makhleb
  5996 | D:8      | Noticed Grum
  6350 | D:7      | Killed Grum
  6492 | D:8      | Found Meimov's Distillery.
  6669 | D:8      | Reached skill level 10 in Shields
  6692 | D:8      | Reached ** piety under Makhleb
  6749 | D:8      | Reached XP level 10. HP: 86/93 MP: 9/9
  6780 | D:8      | Noticed a cyclops
  6790 | D:8      | Killed a cyclops
  6790 | D:8      | Reached skill level 11 in Shields
  7049 | D:8      | Found a deep blue altar of Sif Muna.
  7209 | D:9      | Noticed Erica
  7239 | D:9      | Killed Erica
  7239 | D:9      | Reached skill level 12 in Shields
  7501 | D:9      | Reached skill level 13 in Shields
  7518 | D:9      | Reached *** piety under Makhleb
  7841 | D:10     | Entered Level 10 of the Dungeon
  7867 | D:10     | Found a staircase to the Lair.
  8005 | D:10     | Noticed a hill giant
  8009 | D:10     | Noticed daryashkoh's ghost (journeyman NaCK)
  8014 | D:10     | Killed a hill giant
  8014 | D:10     | Reached skill level 14 in Shields
  8018 | D:10     | Reached XP level 11. HP: 76/100 MP: 10/10
  8125 | D:11     | HP: 5/100 [wraith (3)]
  8468 | D:11     | Found a frozen archway.
  8473 | D:11     | Reached **** piety under Makhleb
  8533 | IceCv    | Entered an ice cave
  9053 | D:11     | Reached skill level 15 in Shields
  9450 | D:11     | Reached skill level 10 in Maces & Flails
  9629 | D:11     | Noticed a wizard
  9638 | D:11     | Paralysed by a wizard for 5 turns
  9657 | D:11     | Killed a wizard
  9797 | D:11     | Noticed a wizard
  9812 | D:11     | Killed a wizard
  9846 | D:11     | Noticed a wizard
  9848 | D:11     | Noticed a wizard
  9850 | D:11     | Noticed a wizard
  9852 | D:11     | Noticed a wizard
  9862 | D:11     | Killed a wizard
  9870 | D:11     | Reached ***** piety under Makhleb
  9873 | D:11     | Killed from afar by a wizard

Vault maps used:
D:1:      lemuel_arrival_tunnels
D:2:      lemuel_crystal_altar, lemuel_coloured_pillars_altar
D:3:      old_standard_altar
D:4:      nicolae_overflow_crystal_walls, lemuel_doored_altar, first_bread,
          portal_sewer_entry_f, minivault_19
D:5:      serial_shops, nicolae_shop_overgrown_old_shop
D:6:      kennysheep_mini, temple_green, nemelex_diamond_rough_becter,
          uniq_crazy_yiuf_cottage
D:7:      nicolae_overflow_hidden_temple, uniq_prince_ribbit1
D:8:      led_sif_book, serial_undead, serial_undead_b, serial_undead_b,
          serial_undead_b, serial_undead_f, serial_undead_b, serial_undead_e,
          serial_shops, shop, uniq_grum
D:9:      uniq_erica
D:10:     lair_0_dummy, erik_orc_1
D:11:     minmay_smoke_and_mirrors, portal_ice_cave_entry_imps, special_room,
          the_bakery
Temple:   eino_temple_water_12
Sewer:    kennysheep_door_sewer
IceCv:    ice_cave_small_demon

Action                   |  1- 3 |  4- 6 |  7- 9 | 10-12 || total
-------------------------+-------+-------+-------+-------++-------
Melee: Flail             |   134 |    87 |    81 |       ||   302
       Dagger            |       |       |    48 |       ||    48
       Whip              |       |       |   186 |   504 ||   690
Throw: Tomahawk          |       |       |     1 |    20 ||    21
       Stone             |       |       |       |    10 ||    10
  Use: Potion            |       |     1 |     2 |     4 ||     7
       Scroll            |       |       |    19 |     1 ||    20
 Stab: Sleeping          |       |       |     3 |     3 ||     6
       Distracted        |       |       |       |     2 ||     2
  Eat: Chunk             |     1 |     2 |    11 |     7 ||    21
       Beef jerky        |       |     1 |       |     1 ||     2
       Royal jelly       |       |       |     2 |       ||     2
       Fruit             |       |       |       |     1 ||     1
       Pizza             |       |       |       |     1 ||     1
